AoeStats
← GEvans7

Arena

508735988Analyzed
4v4 RM · 8d ago on Sep 23, 2026· 59m 42s· 8 players
Game mode
Random Map
Map size
Large (8 player)
Population
200
Speed
Normal
Resources
Standard
Victory
Conquest
Starting age
Dark Age
Ending age
Imperial Age
RankedLock teamsTeams togetherTeam positionsShared explorationLock speedFull tech treeHidden civsTurbo modeCheats
Victory
Defeat
🇦🇷 Khmer · Argentina
1030
+8
🇬🇧 Varangians · United Kingdom
939
+11
🇲🇽 Turks · Mexico
929
+11
🇦🇷 Bohemians · Argentina
893
+12
🇸🇮 Britons · Slovenia
894
-14
🇬🇧 Khmer · United Kingdom
842
-11
🇬🇧 Huns · United Kingdom
819
-10
🇵🇹 Persians · Portugal
728
-7
GEvans7
0:27 Loom
10:40 Feudal Age
12:55 Wheelbarrow
16:54 Castle Age
19:47 Double-Bit Axe
22:33 Horse Collar
25:02 Bow Saw
26:02 Heavy Plow
26:51 Gold Mining
27:37 Hand Cart
28:31 Gold Shaft Mining
27:50 Stone Mining
31:59 Imperial Age
30:18 Forging
30:13 Scale Barding Armor
30:15 Caravan
30:33 Murder Holes
32:12 Iron Casting
31:41 Marauders
32:08 Chain Barding Armor
32:30 Bloodlines
32:21 Husbandry
33:55 Conscription
33:36 Town Watch
35:03 Plate Barding Armor
34:24 Elite Tarkan
36:30 Blast Furnace
41:30 Masonry
43:06 Pikeman
sam.hodges1989
5:15 Loom
12:23 Feudal Age
15:28 Castle Age
15:29 Double-Bit Axe
20:14 Bow Saw
19:49 Horse Collar
24:11 Wheelbarrow
27:31 Gold Mining
32:02 Imperial Age
33:14 Elite Battle Elephant
36:38 Hand Cart
35:48 Onager
Macolar
12:24 Feudal Age
16:28 Castle Age
14:18 Double-Bit Axe
14:30 Horse Collar
17:24 Gold Mining
19:00 Bow Saw
19:06 Heavy Plow
23:26 Gold Shaft Mining
23:28 Wheelbarrow
23:35 Fletching
25:40 Bodkin Arrow
25:47 Padded Archer Armor
27:35 Leather Archer Armor
27:19 Pikeman
28:30 Hand Cart
28:04 Town Watch
28:07 Loom
29:28 Crossbowman
33:47 Imperial Age
34:12 Cavalier
36:46 Bracer
37:16 Ring Archer Armor
36:15 Halberdier
38:40 Scale Mail Armor
yenepu
0:28 Loom
11:53 Feudal Age
12:13 Double-Bit Axe
12:12 Horse Collar
17:43 Stone Mining
19:24 Gold Mining
20:22 Wheelbarrow
22:25 Castle Age
23:23 Caravan
24:20 Stone Shaft Mining
25:30 Husbandry
26:18 Bow Saw
26:12 Heavy Plow
29:22 Fervor
34:55 Gold Shaft Mining
34:13 Pikeman
37:34 Imperial Age
35:24 Hand Cart
35:26 Forging
35:22 Scale Barding Armor
36:04 Kamandaran
37:43 Murder Holes
38:09 Ballistics
38:00 Masonry
37:26 Elite Skirmisher
37:54 Heavy Camel Rider
39:34 Halberdier
VicRoldanG
0:38 Loom
11:27 Feudal Age
12:39 Double-Bit Axe
16:07 Castle Age
15:32 Gold Mining
15:25 Horse Collar
21:37 Wheelbarrow
21:14 Heavy Plow
25:34 Hand Cart
26:01 Padded Archer Armor
26:00 Town Watch
27:29 Stone Mining
33:30 Imperial Age
32:55 Man-at-Arms
34:15 Leather Archer Armor
35:51 Bow Saw
35:21 Long Swordsman
36:02 Squires
35:47 Arson
36:10 Scale Mail Armor
36:20 Forging
36:13 Two-Handed Swordsman
38:29 Ring Archer Armor
42:52 Iron Casting
43:07 Conscription
43:17 Chain Mail Armor
43:18 Fletching
43:36 Champion
45:53 Plate Mail Armor
46:56 Elite Janissary
49:36 Two-Man Saw
49:35 Spies/Treason
Matiascamao
8:27 Loom
10:18 Feudal Age
16:52 Castle Age
15:28 Double-Bit Axe
15:48 Horse Collar
18:46 Wheelbarrow
23:38 Town Watch
29:19 Imperial Age
27:10 Hand Cart
27:50 Bow Saw
27:45 Heavy Plow
29:38 Wagenburg Tactics
31:38 Pikeman
32:19 Squires
32:55 Ballistics
34:08 Arson
35:38 Man-at-Arms
35:39 Halberdier
43:19 Forging
48:36 Spies/Treason
Horahlooks
12:28 Feudal Age
13:37 Double-Bit Axe
16:08 Castle Age
14:04 Horse Collar
17:06 Bow Saw
17:11 Fletching
21:54 Wheelbarrow
21:04 Loom
23:51 Heavy Plow
29:15 Imperial Age
27:33 Scale Barding Armor
27:39 Forging
28:11 Bloodlines
28:03 Husbandry
29:10 Chain Barding Armor
29:20 Town Watch
30:05 Hand Cart
29:40 Town Watch
31:06 Iron Casting
31:05 Conscription
30:52 Pikeman
31:32 Squires
31:35 Scale Mail Armor
31:29 Halberdier
32:44 Chain Mail Armor
32:50 Gold Mining
33:04 Vendel Legacy
33:39 Cavalier
36:03 Crop Rotation
37:35 Fortified Wall
38:25 Chemistry
38:27 Plate Barding Armor
38:53 Blast Furnace
39:17 Ballistics
40:40 Plate Mail Armor
42:52 Arson
45:23 Spies/Treason
47:30 Elite Jarl
Cheu7855
7:52 Loom
9:39 Feudal Age
9:29 Loom
12:02 Double-Bit Axe
16:01 Castle Age
14:21 Horse Collar
17:51 Bow Saw
18:55 Heavy Plow
23:02 Gold Mining
23:02 Stone Mining
24:22 Wheelbarrow
23:46 Town Watch
26:04 Hand Cart
25:50 Town Patrol
29:49 Imperial Age
29:49 Husbandry
30:00 Bloodlines
29:57 Light Cavalry
31:30 Gold Shaft Mining
30:46 Stone Mining
31:49 Scale Barding Armor
31:54 Forging
32:09 Ballistics
32:01 Siege Engineers
31:50 Hussar
35:44 Conscription
34:53 Heavy Scorpion
39:53 Chain Barding Armor
40:55 Chemistry
40:37 Iron Casting
45:23 Plate Barding Armor
45:51 Blast Furnace
45:35 Crop Rotation
56:16 Spies/Treason
Connection lost

Rejoining the realm…

Still unreachable

The connection could not be restored.

Session expired

The server has moved on; the page needs a fresh start.